Cogmind - Beta 16 @@@ ROGUE MODE // 2025.12.07 @ 20:27:16 Player: JuustuToug Result: Destroyed by S-43 Plague with Heavy Machine Gun Performance ------------- Evolutions (9) 4500 Regions Visited (15) 3000 Robots Destroyed (113) 565 Value Destroyed (4091) 4091 Prototype IDs (65) 1300 Alien Tech Used (8) 1600 Bonus (5096) 5096 TOTAL SCORE: 20152 Bonus ------- High Alert Combat Kills 84 Follower Combat Kills 570 Used Core Reset Matrix 3000 Scanned by Researcher 500 Pursued by Intercept 1000 Friendly Fire -58 Cogmind --------- Core Integrity 0/1850 Matter 285/300 Energy 83/100 System Corruption 0% Temperature Cool (0) Movement Core (50) Location -1/Access Parts ------- > --- POWER (2) -------- (None) > --- PROPULSION (7) --- (None) > --- UTILITY (12) ----- Advanced ECM Suite > --- WEAPON (4) ------- (None) > --- INVENTORY (5) ---- (None) Peak State ------------ > --- POWER ------------ Micro Antimatter Reactor Compact Particle Reactor > --- PROPULSION ------- Improved Antigrav System Field Propulsion Array Field Propulsion Array > --- UTILITY ---------- Experimental Cooling System Advanced Gravity Neutralizer Advanced Sensor Array Advanced Signal Interpreter Experimental Core Analyzer Advanced Transmission Jammer Hardened Heavy Armor Plating Improved Hacking Suite Advanced Hacking Suite System Mapper > --- WEAPON ----------- Sigix Sheargun Sigix Sheargun Kinetic Spear Kinetic Spear > --- INVENTORY -------- Micro Antimatter Reactor Terrabomb Sigix Sheargun Sigix Terminator [Rating: 165] Favorites ----------- Power Micro Antimatter Reactor Engine Subdweller Power Source Power Core Micro Nuclear Core Reactor Micro Antimatter Reactor Propulsion Light Treads Treads Light Treads Leg Armored Leg Wheel Subdweller Monowheel Hover Unit Improved Antigrav System Flight Unit Field Propulsion Array Utility Advanced Signal Interpreter Device Advanced Sensor Array Storage Large Storage Unit Processor Advanced Signal Interpreter Hackware Improved System Shield Protection Makeshift Light Armor Plating Weapon Kinetic Spear Energy Gun Small Laser Energy Cannon Plasma Cannon Ballistic Gun Heavy Assault Rifle Ballistic Cannon Slug Cannon Launcher Grenade Launcher Slashing Weapon Phasing Sabre Piercing Weapon Kinetic Spear Build | -11 -10 -10 -8 -6 -6 -6 -5 -4 -4 -3 -3 -2 -2 -2 -1 ------- Run | Yrd Mat Sub Scr Fac Was Fac Fac Fac Ext Res Qua Res Tes Sec Acc Slots Evolved 18 | . . . . 8 . . 2 2 . 2 . 2 . . 2 Power 1 | . . . . . . . . . . . . 1 . . . Propulsion 5 | . . . . 2 . . . 2 . . . . . . 1 Utility 10 | . . . . 4 . . 2 . . 2 . 1 . . 1 Weapon 2 | . . . . 2 . . . . . . . . . . . Parts Attached 229 | 7 6 10 5 58 3 10 1 6 8 20 15 13 24 9 34 Power 28 | 1 1 2 . 7 . 1 . . 1 1 2 4 2 1 5 Engine 7 | 1 1 2 . 3 . . . . . . . . . . . Core 6 | . . . . 4 . 1 . . . . . . . 1 . Reactor 15 | . . . . . . . . . 1 1 2 4 2 . 5 Propulsion 52 | 2 . 4 1 11 1 1 . 2 . 3 5 3 . 3 16 Treads 11 | 2 . 3 1 4 . . . . . . 1 . . . . Leg 8 | . . . . 7 1 . . . . . . . . . . Wheel 1 | . . 1 . . . . . . . . . . . . . Hover 16 | . . . . . . . . 1 . . 3 1 . 3 8 Flight 16 | . . . . . . 1 . 1 . 3 1 2 . . 8 Utility 101 | 2 3 . 2 21 1 8 1 3 5 9 8 6 20 3 9 Device 48 | 1 . . 1 9 1 2 . 2 2 3 4 3 13 1 6 Storage 8 | 1 2 . 1 1 . . . 1 . . . . 2 . . Processor 18 | . . . . 3 . 2 1 . 2 3 . 2 2 2 1 Hackware 13 | . 1 . . 3 . 3 . . . 1 2 . 2 . 1 Protection 14 | . . . . 5 . 1 . . 1 2 2 1 1 . 1 Artifact . | . . . . . . . . . . . . . . . . Weapon 48 | 2 2 4 2 19 1 . . 1 2 7 . . 2 2 4 Energy Gun 13 | 1 1 1 1 5 . . . 1 . . . . . 2 1 Energy Cannon 5 | . . . . 2 . . . . . 2 . . . . 1 Ballistic Gun 18 | 1 . 2 . 11 1 . . . 1 1 . . . . 1 Ballistic Cannon 2 | . . 1 1 . . . . . . . . . . . . Launcher 3 | . 1 . . 1 . . . . . . . . . . 1 Special Weapon . | . . . . . . . . . . . . . . . . Impact Weapon . | . . . . . . . . . . . . . . . . Slashing Weapon 2 | . . . . . . . . . 1 . . . 1 . . Piercing Weapon 5 | . . . . . . . . . . 4 . . 1 . . Special Melee Weapon . | . . . . . . . . . . . . . . . . Unidentified Prototypes 29 | . . . . 6 . . . 1 . 5 5 1 10 1 . Corrupted Parts 3 | . . . . 1 . . . . . . . . . 2 . System Corruption 6 | . . . . 1 . . . . . . . . . 5 . Parts Lost 102 | . . 4 . 18 7 7 . 1 2 . 9 . 4 20 30 Power 13 | . . . . 2 . 1 . . . . 1 . 1 2 6 Propulsion 40 | . . 2 . 6 3 1 . . 1 . 5 . 1 6 15 Utility 34 | . . . . 5 2 5 . 1 . . 3 . 2 10 6 Weapon 15 | . . 2 . 5 2 . . . 1 . . . . 2 3 Highest Loss Streak 19 | . . 2 . 7 7 3 . 1 1 . 4 . 4 19 15 To Critical Strikes . | . . . . . . . . . . . . . . . . Average Backups 9 | 1 7 14 14 14 14 4 5 3 3 4 3 3 3 3 3 Power . | . 1 1 . . 1 1 1 . . . . 1 . 1 . Propulsion 1 | . 2 3 1 2 1 . . . . . . . . . . Utility 4 | . 1 6 9 6 6 2 3 2 2 2 2 . 1 . . Weapon 2 | . 1 3 2 3 2 . . . . . . 1 1 1 1 Tool/Special . | . . . . . . . . . . . . . . . . Unused Backups 36 | . . 3 5 12 6 1 . . 1 4 3 . 1 . . Power 5 | . . 2 . 2 . . . . . . 1 . . . . Propulsion 6 | . . 1 1 2 1 . . . . . 1 . . . . Utility 17 | . . . 2 8 4 . . . . 2 1 . . . . Weapon 6 | . . . 2 . . 1 . . 1 1 . . 1 . . Tool/Special 2 | . . . . . 1 . . . . 1 . . . . . Average Slot Usage (%) 79 | . 99 98 86 91 94 30 19 36 49 75 70 74 71 71 30 Engine 3 | . 14 14 1 1 5 . . . . . . . . . . Core 1 | . . . . 3 . 3 . 2 1 . . . . . . Reactor 1 | . . . . . . . . . 1 4 3 7 8 7 4 Treads 12 | . 27 27 26 12 . . . . . . . . . . . Leg 3 | . . . . 12 23 . . . . . . . . . . Hover 1 | . . . . . . . . 1 1 . 2 11 7 5 6 Flight 2 | . . . . . . 3 . 3 5 13 10 4 8 7 6 Device 8 | . 5 14 14 4 12 6 . 4 6 11 10 16 12 12 5 Storage 6 | . 14 14 14 5 5 . . . . . . . . . . Processor 7 | . . . . 9 6 3 13 14 18 19 13 11 7 10 3 Hackware 7 | . 8 . . 10 12 11 5 5 5 5 11 17 16 12 2 Protection 2 | . . . . 5 . . . . 4 5 2 . 3 3 . Energy Gun 5 | . 13 8 14 6 . . . 2 . . . . . 1 . Ballistic Gun 6 | . 14 6 . 14 24 . . . . . . . . . . Ballistic Cannon 2 | . . 10 14 . . . . . . . . . . . . Piercing Weapon 1 | . . . . . . . . . . 11 10 4 5 7 . Peak Build Rating 165 | 7 10 16 16 81 73 30 22 68 69 139 145 135 152 165 108 Average Rating 57 | 5 8 13 14 66 65 21 19 47 60 111 113 123 131 134 51 On Entrance 49 | . 7 10 16 16 69 17 17 22 63 66 139 89 131 123 6 Avg Prop Armor Cover (%) 6 | . . 13 13 11 . . . 7 5 . 9 13 4 3 8 Naked Turns 7 | . . . . . . . . . . . . . . 2 5 Heaviest Build 68 | 14 28 37 37 68 51 7 . 16 27 48 49 40 46 60 46 Greatest Support 116 | 40 40 40 40 116 67 7 3 17 26 61 67 50 50 60 96 Greatest Overweight (x) 2 | . . 1 1 2 1 . . . 1 1 2 . . . 1 Average Overweight (x) . | . . . . . . . . . . . . . . . . Largest Inventory Capacity 25 | 8 15 15 15 25 15 5 5 5 5 5 5 5 5 5 5 Average Capacity 10 | 7 10 15 15 15 14 5 5 5 5 5 5 5 5 5 5 Most Carried 15 | 3 14 15 15 15 15 5 5 5 5 5 5 5 5 5 5 Average Carried 9 | 1 7 14 14 14 14 4 5 3 3 4 4 4 4 4 4 Final Capacity 15 | 8 15 15 15 15 5 5 5 5 5 5 5 5 5 5 5 Final Carried 15 | 3 14 15 15 15 5 5 5 4 3 5 3 5 4 5 . Class Distribution -------------------- 32% | Mutant 13% | Hacker-Mutant 12% | Scavenger-Mutant 12% | Hacker-Skirmisher 6% | Scavenger-Tank 5% | Scavenger-Skirmisher 4% | Hacker-Gladiator 3% | Hacker-Sprinter Dominant Class ---------------- Mutant | -10/Materials Scavenger-Mutant | -10/Subcaves Mutant | -8/Scraptown Hacker-Skirmisher | -6/Factory Hacker-Gunner | -6/Waste Hacker-Mutant | -6/Factory Mutant | -5/Factory Mutant | -4/Factory Mutant | -4/Extension Hacker-Sprinter | -3/Research Hacker-Mutant | -3/Quarantine Hacker-Mutant | -2/Research Hacker-Mutant | -2/Testing Hacker-Gladiator | -2/Section 7 Scavenger-Sprinter | -1/Access Resources | -11 -10 -10 -8 -6 -6 -6 -5 -4 -4 -3 -3 -2 -2 -2 -1 ----------- Run | Yrd Mat Sub Scr Fac Was Fac Fac Fac Ext Res Qua Res Tes Sec Acc Matter Collected 4603 | 272 181 295 144 1815 . 98 . 26 400 260 241 30 430 174 237 Remotely 193 | . . . . 193 . . . . . . . . . . . Salvage Created 5397 | 120 478 236 . 2722 . 62 . 26 157 407 396 . 371 152 270 Parts 268 | 6 26 18 . 119 . 7 . 3 6 19 18 . 15 9 22 Haulers Intercepted 4 | . 2 . . 1 . . . . 1 . . . . . . Recyclers Shooed 13 | . 2 . . 8 . 1 . 1 . . . . 1 . . Parts Field Recycled . | . . . . . . . . . . . . . . . . Retrieved Matter . | . . . . . . . . . . . . . . . . Parts Self-Destructed 27 | . . 27 . . . . . . . . . . . . . Prevented . | . . . . . . . . . . . . . . . . Parts Restored . | . . . . . . . . . . . . . . . . Kills | -11 -10 -10 -8 -6 -6 -6 -5 -4 -4 -3 -3 -2 -2 -2 -1 ------- Run | Yrd Mat Sub Scr Fac Was Fac Fac Fac Ext Res Qua Res Tes Sec Acc Combat Hostiles Destroyed 61 | . 7 9 . 22 . 4 . . . 1 3 . . . 15 Melee 4 | . . . . . . . . . . 1 3 . . . . Guns 35 | . 7 1 . 21 . . . . . . . . . . 6 Cannons 3 | . . 2 . 1 . . . . . . . . . . . AOE 19 | . . 6 . . . 4 . . . . . . . . 9 Classes Destroyed 19 | 2 5 2 . 8 . 1 . . . . . . . 1 . Worker 14 | . 1 . . 7 . . . 1 . 3 . . 2 . . Builder 2 | . . . . . . 1 . . 1 . . . . . . Tunneler 1 | 1 . . . . . . . . . . . . . . . Hauler 4 | . 2 . . 1 . . . . 1 . . . . . . Recycler 16 | 1 2 . . 9 . . . . . 1 1 . 2 . . Mechanic 1 | . . . . 1 . . . . . . . . . . . Operator 7 | . 1 . . . . . . . 1 1 2 . 2 . . Watcher 5 | . . . . 2 . . . . . 2 . . . . 1 Swarmer 19 | . 3 1 . . . 4 . . . . . . . . 11 Grunt 8 | . 4 . . 4 . . . . . . . . . . . Brawler 1 | . . . . 1 . . . . . . . . . . . Duelist 1 | . . . . 1 . . . . . . . . . . . Protector 1 | . . . . 1 . . . . . . . . . . . Researcher 2 | . . . . . . . . . . . . . . 2 . Sentry 6 | . . . . 5 . . . . . 1 . . . . . Hunter 6 | . . . . 4 . . . . . . . . . . 2 Programmer 9 | . . . . 6 . . . . . . 3 . . . . Tracker 2 | . . . . . . . . . . . . . . . 2 Artisan 1 | . . 1 . . . . . . . . . . . . . Subdweller 8 | . . 8 . . . . . . . . . . . . . Best Kill Streak 9 | 2 5 4 . 4 . 5 . 1 1 2 1 . 2 1 9 Combat Bots Only 9 | . 3 4 . 3 . 4 . . . 1 1 . . . 9 Max Kills in Single Turn 9 | 1 1 2 . 2 . 3 . 1 1 1 1 . 1 1 9 Gunslinging . | . . . . . . . . . . . . . . . . Exploded 9 | . . 2 . . . 3 . . . . . . . . 9 Melee 1 | . . . . . . . . . . 1 1 . . . . Uniques/NPCs Destroyed . | . . . . . . . . . . . . . . . . Combat | -11 -10 -10 -8 -6 -6 -6 -5 -4 -4 -3 -3 -2 -2 -2 -1 -------- Run | Yrd Mat Sub Scr Fac Was Fac Fac Fac Ext Res Qua Res Tes Sec Acc Hostile Shots Fired 1566 | . 50 61 . 352 5 59 3 53 47 78 224 3 90 231 310 Missed 578 | . 7 21 . 82 1 25 1 22 22 45 89 3 38 93 129 Hits 988 | . 43 40 . 270 4 34 2 31 25 33 135 . 52 138 181 Melee 9 | . . . . 5 4 . . . . . . . . . . Projectile 979 | . 43 40 . 265 . 34 2 31 25 33 135 . 52 138 181 AOE 2 | . . . . . . . . 1 . . . . . 1 . Critical Strikes 49 | . . 1 . 10 . 2 . 2 2 . 11 . 6 14 1 Part Disruptions 2 | . . . . 1 . . . . . . 1 . . . . Damage Taken 19497 | . 508 748 . 3729 215 650 60 500 530 668 3208 . 931 3334 4416 Core 5333 | . 124 51 . 320 86 436 60 127 80 77 561 . 168 1387 1856 Absorbed by Shields 88 | . . . . . . . . . 31 . . . . . 57 Redirected to Shielding 104 | . . . . . . . . . . . . . . . 104 Regen/Repaired (Parts) 1254 | . 98 . . 157 . . . . . 120 132 . . 747 . Core Remaining (%) 50 | 100 . . 30 . . . 94 . 82 . 50 . . . . Volleys Fired 270 | 2 54 38 . 123 9 4 . 12 3 . . . . . 25 Largest 5 | 2 2 2 . 5 4 1 . 1 1 . . . . . 1 Hottest 283 | 70 70 100 . 283 117 36 . 88 35 . . . . . 120 Shots Fired 641 | 4 99 52 . 407 36 3 . 12 3 . . . . . 25 Gun 571 | 4 94 17 . 382 36 . . 12 3 . . . . . 23 Cannon 50 | . . 25 . 24 . . . . . . . . . . 1 Launcher 20 | . 5 10 . 1 . 3 . . . . . . . . 1 Special . | . . . . . . . . . . . . . . . . Kinetic 414 | 2 45 38 . 285 36 . . . 3 . . . . . 5 Thermal 137 | 2 45 2 . 74 . . . 12 . . . . . . 2 Explosive 19 | . 5 10 . 1 . 3 . . . . . . . . . Electromagnetic 53 | . 4 2 . 47 . . . . . . . . . . . Slashing 18 | . . . . . . . . . . . . . . . 18 Robot Hit Streak 19 | 3 8 10 . 19 6 3 . 3 4 . . . . . 6 Robot Miss Streak 7 | . 3 1 . 7 7 . . 2 . . . . . . 5 Penetration Max 1 | . . . . 1 . . . . . . . . . . 1 Secondary Targets 2 | . . . . 2 . . . . . . . . . . . Max Gunslinging Chain 1 | . . . . 1 . . . . . . . . . . . Capacitor 8 | . . . . . . . . . . . . . . . 8 Shots Hit Robots 451 | 3 58 25 . 253 31 1 . 7 14 16 20 . 10 2 11 Core Hits 232 | 3 24 17 . 128 13 9 . 1 5 8 5 . 6 1 12 Critical Kills 3 | . 1 1 . 1 . . . . . . . . . . . Critical Parts Destroyed 7 | . 1 . . 5 1 . . . . . . . . . . Critical Strikes 29 | . 6 1 . 8 3 . . . 1 4 4 . 1 1 . Burn 4 | . 4 . . . . . . . . . . . . . . Destroy 12 | . 2 1 . 6 3 . . . . . . . . . . Corrupt 2 | . . . . 2 . . . . . . . . . . . Sever 1 | . . . . . . . . . 1 . . . . . . Impale 10 | . . . . . . . . . . 4 4 . 1 1 . Melee Attacks 237 | . . . . . . . . . 11 72 69 13 33 39 . Impact . | . . . . . . . . . . . . . . . . Slashing 11 | . . . . . . . . . 11 . . . . . . Piercing 226 | . . . . . . . . . . 72 69 13 33 39 . Sneak Attacks 19 | . . . . . . . . . 3 4 3 . 7 2 . Combat Hostiles . | . . . . . . . . . . . . . . . . Follow-up Attacks 3 | . . . . . . . . . . 1 2 . . . . Damage Inflicted 18596 | 33 649 1014 . 4899 525 446 . 207 706 1017 990 . 710 294 7106 Guns 6358 | 33 608 216 . 4353 525 . . 207 23 . . . . . 393 Cannons 576 | . . 150 . 426 . . . . . . . . . . . Explosions 7811 | . 41 648 . 85 . 355 . . . . . . . . 6682 Melee 3671 | . . . . . . . . . 683 1017 990 . 710 271 . Ramming 180 | . . . . 35 . 91 . . . . . . . 23 31 Kinetic 4309 | 9 227 336 . 3167 525 . . . 23 . . . . . 22 Thermal 8601 | 24 354 . . 1334 . . . 207 . . . . . . 6682 Explosive 1044 | . 41 648 . . . 355 . . . . . . . . . Electromagnetic 420 | . 27 30 . 363 . . . . . . . . . . . Impact . | . . . . . . . . . . . . . . . . Slashing 1054 | . . . . . . . . . 683 . . . . . 371 Piercing 2988 | . . . . . . . . . . 1017 990 . 710 271 . Highest Corruption 20 | . . . . 12 12 19 . . . 1 20 . . 15 . Average Corruption 8 | . . . . 8 12 12 . . . 1 9 . . 5 . Corruption Purged . | . . . . . . . . . . . . . . . . Corruption Blocked . | . . . . . . . . . . . . . . . . Effects 107 | . . . . 62 6 18 . . . 2 17 . . 2 . Message Errors 22 | . . . . 13 2 3 . . . . 4 . . . . Matter Fused 24 | . . . . 17 1 3 . . . . 3 . . . . Heat Flow Errors 11 | . . . . 6 2 1 . . . . 2 . . . . Energy Discharges 5 | . . . . 2 . 1 . . . . 1 . . 1 . Parts Rejected 2 | . . . . 1 . . . . . 1 . . . . . Parts Fused 1 | . . . . 1 . . . . . . . . . . . Data Loss (minor) 18 | . . . . 11 1 3 . . . 1 2 . . . . Data Loss (major) 8 | . . . . 5 . . . . . . 3 . . . . Misfires 2 | . . . . 2 . . . . . . . . . . . Alerts 7 | . . . . 3 . 4 . . . . . . . . . Misdirections 5 | . . . . . . 2 . . . . 2 . . 1 . Weapon Failures 2 | . . . . 1 . 1 . . . . . . . . . Overload Shots . | . . . . . . . . . . . . . . . . Overflow Damage 1902 | . . 2 . 6 . 6 . . . 281 131 . 93 60 1323 Projectiles . | . . . . . . . . . . . . . . . . Explosions 1333 | . . 2 . 6 . 6 . . . . . . . . 1319 Melee 569 | . . . . . . . . . . 281 131 . 93 60 4 Knockbacks 2 | . . 2 . . . . . . . . . . . . . Impact . | . . . . . . . . . . . . . . . . Kinetic 2 | . . 2 . . . . . . . . . . . . . Secondary . | . . . . . . . . . . . . . . . . Self-Inflicted Damage 1179 | . 20 121 . . . 63 . . . . . . . 10 965 Shots 7 | . 1 4 . . . 1 . . . . . . . . 1 Rammed 30 | . 1 . . 2 . 21 . . . . . . . 4 2 Targets Rammed 30 | . 1 . . 2 . 21 . . . . . . . 4 2 Kicked . | . . . . . . . . . . . . . . . . Crushed . | . . . . . . . . . . . . . . . . Highest Temperature 485 | 30 287 242 . 485 277 164 . 73 . 257 286 . . 2 315 Average Temperature 109 | 18 93 159 . 136 63 61 . 35 . 21 89 . . 2 106 Received Heat Transfer 1538 | . 192 454 . 426 . 60 12 . 88 81 90 . 27 99 9 Effects 26 | . . . . 23 1 . . . . . . . . . 2 Shutdowns 4 | . . . . 4 . . . . . . . . . . . Energy Bleed 5 | . . . . 4 1 . . . . . . . . . . Interference 15 | . . . . 13 . . . . . . . . . . 2 Damage (minor) 2 | . . . . 2 . . . . . . . . . . . Siege Activations . | . . . . . . . . . . . . . . . . Martial Activations . | . . . . . . . . . . . . . . . . Shielding Activations . | . . . . . . . . . . . . . . . . Robots Disrupted . | . . . . . . . . . . . . . . . . Combat Hostiles . | . . . . . . . . . . . . . . . . Robots Corrupted 1 | . . . . . . . . . . . . . . . 1 Combat Hostiles . | . . . . . . . . . . . . . . . . Parts Fried 2 | . . . . . . . . . . . . . . . 2 Impact Corruptions 1 | . . . . . . . . . . . . . . . 1 Robots Melted . | . . . . . . . . . . . . . . . . Combat Hostiles . | . . . . . . . . . . . . . . . . Parts Melted 13 | . 1 . . 7 . . . . . . 5 . . . . Heat Transferred 4500 | 74 1332 . . 2798 . . . 296 . . . . . . . Parts Sabotaged . | . . . . . . . . . . . . . . . . Parts Stolen . | . . . . . . . . . . . . . . . . Parts Stripped . | . . . . . . . . . . . . . . . . Power Chain Reactions 2 | . . . . 2 . . . . . . . . . . . Alert | -11 -10 -10 -8 -6 -6 -6 -5 -4 -4 -3 -3 -2 -2 -2 -1 ------- Run | Yrd Mat Sub Scr Fac Was Fac Fac Fac Ext Res Qua Res Tes Sec Acc Maximum Alert Level 3 | . . . . 1 . . . . . 1 . . . . 3 Low Security (%) 94 | 100 100 . . 85 100 100 100 100 100 94 100 100 100 100 87 Level 1 5 | . . . . 14 . . . . . 5 . . . . . Level 2 . | . . . . . . . . . . . . . . . 6 Level 3 . | . . . . . . . . . . . . . . . 6 Level 4 . | . . . . . . . . . . . . . . . . Level 5 . | . . . . . . . . . . . . . . . . High Security . | . . . . . . . . . . . . . . . . Max Security . | . . . . . . . . . . . . . . . . Peak Influence 777 | 5 107 . . 280 96 105 60 38 167 215 82 100 146 124 777 Initial 96 | . . . . . 96 . 2 24 7 3 30 33 42 45 16 Average 67 | 1 24 . . 89 55 48 25 10 53 64 31 48 97 91 123 Influence Increases 5275 | 10 358 95 . 862 . 235 60 49 515 518 398 181 332 420 1242 Destroy 0b10 Robot/C 1340 | . 140 20 . 420 . 80 . . 260 20 60 . . 40 300 Destroy 0b10 Robot/NC 260 | 10 30 . . 105 . 5 . 5 20 35 15 . 30 . 5 Destroy Leader 288 | . 34 . . 136 . 10 . . 22 14 20 . . . 52 Allied During Kill 127 | . . . . . . . . . 127 . . . . . . Successful Hack 448 | . 38 . . 52 . 15 . 14 69 47 28 40 101 44 . Disable Machine 510 | . 15 . . 120 . . . . . 60 90 15 90 60 60 Destroy Structure 907 | . 26 . . 14 . 20 . . 2 72 50 36 36 51 600 Partial Spotted 195 | . . . . . . 15 . . 15 30 60 15 . 30 30 Lose Combat Pursuer 1200 | . 75 75 . 15 . 90 60 30 . 240 75 75 75 195 195 Influence Decreases 4584 | 10 299 154 . 585 277 228 17 84 524 470 393 164 328 473 578 Entered New Map 382 | . . 29 . . 181 . 5 26 8 3 24 26 34 35 11 Time Decay 2775 | 10 299 115 . 405 70 178 12 48 305 254 269 138 254 238 180 Lost Part 893 | . . 10 . 180 26 50 . 10 20 . 90 . 40 200 267 Lost Ally 321 | . . . . . . . . . 191 . 10 . . . 120 Purge Threat 213 | . . . . . . . . . . 213 . . . . . Squads Dispatched 37 | . 1 . . 6 . 3 . 1 3 4 2 2 4 7 4 Investigation 8 | . . . . . . 2 . . 1 1 . . . 2 2 Extermination 18 | . . . . 5 . 1 . 1 . 3 2 1 2 2 1 Reinforcement 9 | . 1 . . 1 . . . . 2 . . 1 2 2 . Assault . | . . . . . . . . . . . . . . . . Garrison . | . . . . . . . . . . . . . . . . Intercept 2 | . . . . . . . . . . . . . . 1 1 Searches Triggered . | . . . . . . . . . . . . . . . . Unchained Authorized 1 | . . . . . . . . . . . . . 1 . . Construction Impeded 1 | . . . . . . . . . 1 . . . . . . Haulers Reinforced 1 | . . . . 1 . . . . . . . . . . . Active Scanning Responses . | . . . . . . . . . . . . . . . . Cargo Convoy Interrupts 1 | . . . . 1 . . . . . . . . . . . Stealth | -11 -10 -10 -8 -6 -6 -6 -5 -4 -4 -3 -3 -2 -2 -2 -1 --------- Run | Yrd Mat Sub Scr Fac Was Fac Fac Fac Ext Res Qua Res Tes Sec Acc Distress Signals 8 | . 1 . . 1 . . 1 . 3 . . 2 . . . Communications Jammed 21 | . . . . . . . . . . . . . 4 17 . Distress Signals 21 | . . . . . . . . . . . . . 4 17 . Times Spotted 248 | . 13 12 . 34 6 15 4 8 20 26 18 4 17 31 40 Peak Tracking Total 17 | . 3 3 . 3 6 4 7 7 9 9 11 7 8 17 14 Tactical Retreats 43 | . 3 2 . 1 . 3 1 2 . 9 4 3 2 5 8 ECM-based Alert Blocks 12 | . . . . . . . . . . . . . . . 12 Traps | -11 -10 -10 -8 -6 -6 -6 -5 -4 -4 -3 -3 -2 -2 -2 -1 ------- Run | Yrd Mat Sub Scr Fac Was Fac Fac Fac Ext Res Qua Res Tes Sec Acc Traps Triggered 19 | . . 2 . 3 . 2 . 1 5 1 1 . . . 4 Indirectly . | . . . . . . . . . . . . . . . . Trap Hack Attempts . | . . . . . . . . . . . . . . . . Triggered . | . . . . . . . . . . . . . . . . Disarmed . | . . . . . . . . . . . . . . . . Reprogrammed . | . . . . . . . . . . . . . . . . Reused . | . . . . . . . . . . . . . . . . Traps Extracted . | . . . . . . . . . . . . . . . . Installed . | . . . . . . . . . . . . . . . . Triggered . | . . . . . . . . . . . . . . . . Machines | -11 -10 -10 -8 -6 -6 -6 -5 -4 -4 -3 -3 -2 -2 -2 -1 ---------- Run | Yrd Mat Sub Scr Fac Was Fac Fac Fac Ext Res Qua Res Tes Sec Acc Machines Disabled 35 | . 1 1 . 8 . . . . . 4 6 1 6 4 4 Max in Single Turn 2 | . 1 1 . 1 . . . . . 1 1 1 1 1 2 Garrison Access 4 | . . . . 1 . . . . . 1 . 1 1 . . Machines Repaired . | . . . . . . . . . . . . . . . . Machines Dismantled . | . . . . . . . . . . . . . . . . Machines Sabotaged . | . . . . . . . . . . . . . . . . Overloaded Fab Kills . | . . . . . . . . . . . . . . . . Hacking | -11 -10 -10 -8 -6 -6 -6 -5 -4 -4 -3 -3 -2 -2 -2 -1 --------- Run | Yrd Mat Sub Scr Fac Was Fac Fac Fac Ext Res Qua Res Tes Sec Acc Machines Accessed 102 | . 8 1 1 14 . 8 2 4 12 8 8 9 13 10 4 Terminals 63 | . 6 . . 7 . 2 . 3 12 4 6 5 8 8 2 Fabricators 4 | . . . . 1 . 2 . . . . . . 1 . . Repair Stations 11 | . 1 . . 2 . 1 . . . 1 2 . 2 1 1 Recycling Units 6 | . 1 . . 2 . 1 2 . . . . . . . . Scanalyzers 11 | . . . . 1 . 2 . 1 . 2 . 3 1 1 . Garrison Access 5 | . . . . 1 . . . . . 1 . 1 1 . 1 Total Hacks 293 | . 33 1 4 35 . 29 8 16 22 21 24 36 39 18 7 Successful 178 | . 24 1 4 17 . 21 4 9 12 11 13 25 26 11 . Failed 113 | . 9 . . 17 . 7 4 7 10 10 11 11 13 7 7 Catastrophic 14 | . . . . . . . 1 2 3 2 1 2 1 . 2 Database Lockouts 2 | . . . . 1 . 1 . . . . . . . . . Manual 139 | . 30 . . 21 . 4 . 9 8 8 15 23 17 3 1 Terminals 190 | . 29 . . 17 . 5 . 12 22 11 21 29 25 15 4 Fabricators 11 | . . . . 2 . 4 . . . . . . 5 . . Repair Stations 21 | . 2 . . 5 . 2 . . . 2 3 . 5 1 1 Recycling Units 15 | . 2 . . 4 . 1 8 . . . . . . . . Scanalyzers 43 | . . . . 5 . 17 . 4 . 6 . 6 3 2 . Garrison Access 8 | . . . . 2 . . . . . 2 . 1 1 . 2 Terminal Hacks 65 | . 10 1 4 1 . 1 . 3 10 5 4 9 9 8 . Record 4 | . . . 4 . . . . . . . . . . . . Part Schematic 4 | . 2 . . . . . . . 1 . . 1 . . . Robot Analysis 2 | . 2 . . . . . . . . . . . . . . Prototype ID Bank 11 | . 3 . . . . . . 1 . 1 . 3 2 1 . Open Door 13 | . . . . . . . . . 9 . 1 . . 3 . Open DSF 1 | . . . . . . 1 . . . . . . . . . Level Access Points 2 | . . . . . . . . . . . . . 1 1 . Branch Access Points 3 | . 1 . . . . . . . . 1 . 1 . . . Emergency Access Points 1 | . . . . . . . . . . . . . 1 . . Machine Index 2 | . . . . . . . . . . . . . 1 1 . Terminal Index 7 | . 1 . . 1 . . . 1 . 1 1 1 1 . . Fabricator Index 1 | . . . . . . . . . . . . 1 . . . Scanalyzer Index 1 | . . . . . . . . . . . . . 1 . . Garrison Index 1 | . . . . . . . . . . . . . . 1 . Alert Level 1 | . . . . . . . . . . . 1 . . . . Unreport Threat 2 | . . . . . . . . . . 2 . . . . . Security Status 1 | . . . . . . . . . . . . . . 1 . Recall Extermination 2 | . . . . . . . . . . . . 1 1 . . Recall Reinforcements 1 | . . . . . . . . . . . . . 1 . . Registered Components 1 | . . . . . . . . . . . 1 . . . . Zone Layout 3 | . 1 . . . . . . 1 . . . 1 . . . Proto ID Catalog 1 | . . 1 . . . . . . . . . . . . . Fabricator Hacks 7 | . . . . 1 . 4 . . . . . . 2 . . Network Status 2 | . . . . 1 . . . . . . . . 1 . . Load Schematic 3 | . . . . . . 2 . . . . . . 1 . . Build 2 | . . . . . . 2 . . . . . . . . . Repair Station Hacks 14 | . 2 . . 3 . 1 . . . 2 3 . 3 . . Scan Component 9 | . 1 . . 2 . 1 . . . 1 2 . 2 . . Repair 5 | . 1 . . 1 . . . . . 1 1 . 1 . . Recycling Unit Hacks 8 | . 1 . . 2 . 1 4 . . . . . . . . Process 1 | . . . . . . . 1 . . . . . . . . Retrieve Matter 1 | . . . . . . . 1 . . . . . . . . Retrieve Components 6 | . 1 . . 2 . 1 2 . . . . . . . . Scanalyzer 27 | . . . . 1 . 12 . 3 . 2 . 5 2 2 . Insert Component 9 | . . . . . . 6 . 1 . . . . 1 1 . Analyze 7 | . . . . . . 4 . 1 . . . . 1 1 . Retrieve Study 11 | . . . . 1 . 2 . 1 . 2 . 5 . . . Garrison Access Hacks 4 | . . . . 1 . . . . . 1 . 1 1 . . Seal Access 4 | . . . . 1 . . . . . 1 . 1 1 . . Unauthorized Hacks 52 | . 11 . . 8 . 2 . 3 2 1 6 9 9 1 . Terminals 47 | . 10 . . 5 . 2 . 3 2 1 6 9 8 1 . Assimilate 3 | . . . . . . . . . . 1 1 1 . . . Botnet 16 | . 3 . . 1 . 1 . 2 2 . 2 2 2 1 . Operators 4 | . 2 . . . . . . . . . . 1 1 . . Skim 24 | . 5 . . 4 . 1 . 1 . . 3 5 5 . . Fabricators 2 | . . . . 1 . . . . . . . . 1 . . Haulers 2 | . . . . 1 . . . . . . . . 1 . . Repair Stations . | . . . . . . . . . . . . . . . . Recycling Units 3 | . 1 . . 2 . . . . . . . . . . . Reject 3 | . 1 . . 2 . . . . . . . . . . . Scanalyzers . | . . . . . . . . . . . . . . . . Garrison Access . | . . . . . . . . . . . . . . . . Data Cores Recovered . | . . . . . . . . . . . . . . . . Used . | . . . . . . . . . . . . . . . . Hacking Detections 81 | . 7 . . 12 . 7 2 4 7 7 5 7 11 8 4 Full Trace Events 6 | . . . . . . 2 . . . 1 . . . 2 1 Feedback Events . | . . . . . . . . . . . . . . . . Feedback Blocked . | . . . . . . . . . . . . . . . . Robot Schematics Acquired 3 | . . . . . . . . . . . . . . 3 . Robots Built . | . . . . . . . . . . . . . . . . Authchips . | . . . . . . . . . . . . . . . . Time . | . . . . . . . . . . . . . . . . Total Robot Build Rating . | . . . . . . . . . . . . . . . . Part Schematics Acquired 15 | . 2 . . . . 4 . 1 1 . . 1 1 5 . Parts Built 4 | . . . . . . 4 . . . . . . . . . Authchips . | . . . . . . . . . . . . . . . . Time 120 | . . . . . . 120 . . . . . . . . . Total Part Build Rating 12 | . . . . . . 12 . . . . . . . . . Part Studies Acquired 11 | . . . . 1 . 2 . 1 . 2 . 5 . . . Parts Repaired 5 | . 1 . . 1 . . . . . 1 1 . 1 . . Time 175 | . 26 . . 22 . . . . . 31 49 . 47 . . Parts Recycled . | . . . . . . . . . . . . . . . . Recycled Matter . | . . . . . . . . . . . . . . . . Retrieved Matter . | . . . . . . . . . . . . . . . . Retrieved Components 25 | . 9 . . 12 . 2 2 . . . . . . . . Parts Scanalyzed 8 | . . . . . . 6 . . . . . . 1 1 . Part Schematics Acquired 7 | . . . . . . 4 . 1 . . . . 1 1 . Parts Damaged 2 | . . . . . . 1 . . . . . . . 1 . Bothacking | -11 -10 -10 -8 -6 -6 -6 -5 -4 -4 -3 -3 -2 -2 -2 -1 ------------ Run | Yrd Mat Sub Scr Fac Was Fac Fac Fac Ext Res Qua Res Tes Sec Acc Used RIF Installer . | . . . . . . . . . . . . . . . . Robots Hacked . | . . . . . . . . . . . . . . . . Non-combat . | . . . . . . . . . . . . . . . . Combat . | . . . . . . . . . . . . . . . . Robot Hacks Applied . | . . . . . . . . . . . . . . . . Relay Couplers Released . | . . . . . . . . . . . . . . . . Fabnet Peak Effective % . | . . . . . . . . . . . . . . . . Robots Rewired 3 | . . . . . . . . . 3 . . . . . . Allies Hacked . | . . . . . . . . . . . . . . . . Hacks Repelled . | . . . . . . . . . . . . . . . . Allies | -11 -10 -10 -8 -6 -6 -6 -5 -4 -4 -3 -3 -2 -2 -2 -1 -------- Run | Yrd Mat Sub Scr Fac Was Fac Fac Fac Ext Res Qua Res Tes Sec Acc Total Allies 24 | . . . . . . . . . 14 1 1 . . . 8 Largest Group 8 | . . . . . . . . . 8 1 1 . . . 8 Highest-Rated Group 448 | . . . . . . . . . 448 10 26 . . . 110 Highest-Rated Ally 159 | . . . . . . . . . 159 10 26 . . . 15 Total Orders . | . . . . . . . . . . . . . . . . Ally Attacks 111 | . . . . . . . . . 99 . . . . . 12 Total Damage 3244 | . . . . . . . . . 2759 . . . . . 485 Kills 16 | . . . . . . . . . 14 . . . . . 2 Allies Corrupted . | . . . . . . . . . . . . . . . . Allies Melted . | . . . . . . . . . . . . . . . . Intel | -11 -10 -10 -8 -6 -6 -6 -5 -4 -4 -3 -3 -2 -2 -2 -1 ------- Run | Yrd Mat Sub Scr Fac Was Fac Fac Fac Ext Res Qua Res Tes Sec Acc Active Infowar (turns) 8158 | 23 500 1589 637 1798 26 72 . 37 762 606 546 318 556 512 176 Optics 2 | . . . . . . . . . . . . . 2 . . Sensors 5189 | . . . 214 1798 26 . . . 626 606 546 318 467 512 76 IFF 173 | . . . . . . . . 37 136 . . . . . . Structural 72 | . . . . . . 72 . . . . . . . . . Seismic 2535 | 23 500 1589 423 . . . . . . . . . . . . Jamming 1360 | . . . . . . . . . . . 16 301 543 500 . ECM 101 | . . . . . . . . . . . . . . . 101 Robot Analysis Total 2 | . 2 . . . . . . . . . . . . . . Derelict Logs Recovered 5 | . . 1 4 . . . . . . . . . . . . Drone Launches . | . . . . . . . . . . . . . . . . Drone Recoveries . | . . . . . . . . . . . . . . . . Exploration | -11 -10 -10 -8 -6 -6 -6 -5 -4 -4 -3 -3 -2 -2 -2 -1 ------------- Run | Yrd Mat Sub Scr Fac Was Fac Fac Fac Ext Res Qua Res Tes Sec Acc Turns Passed 11471 | 88 1180 1589 1006 2968 167 410 76 176 769 606 605 318 557 519 437 Spaces Moved 10790 | 45 590 901 631 1517 124 708 149 317 610 1131 844 571 943 974 735 Core 849 | 3 . . . . 25 240 149 101 . . 15 . . 9 307 Treads 2642 | 42 590 848 540 617 . . . . . . 5 . . . . Legs 999 | . . . . 900 99 . . . . . . . . . . Wheels 144 | . . 53 91 . . . . . . . . . . . . Hover 503 | . . . . . . . . . . . 150 170 . 41 142 Flight 5653 | . . . . . . 468 . 216 610 1131 674 401 943 924 286 Fastest Speed 25 | 50 160 120 120 105 50 40 50 40 40 29 29 37 37 37 25 Average Speed 77 | 152 160 158 154 134 96 43 50 43 59 32 38 42 37 38 43 Slowest Speed 260 | 160 160 240 160 260 177 50 50 50 120 107 205 52 37 60 100 Overloaded Moves . | . . . . . . . . . . . . . . . . Propulsion Burnouts . | . . . . . . . . . . . . . . . . Robots Hopped 54 | . . . . . . 5 . 3 13 6 15 . 4 6 2 Potential Cave-ins 2 | . 2 . . . . . . . . . . . . . . Cave-ins Triggered . | . . . . . . . . . . . . . . . . Exploration Rate (%) 42 | 4 84 40 55 32 90 21 4 8 50 27 63 15 91 67 22 Regions Visited 15 Branch Regions 6 Pre-discovered Areas 1 | . . 1 . . . . . . . . . . . . . Known Exits Taken 7 | . 1 . . . . 1 . . . 1 1 1 1 1 . Unknown Exits Taken 6 | 1 . 1 1 . . . 1 1 1 . . . . . . Scrap Searched 6 | . . 3 3 . . . . . . . . . . . . Spaces Dug 144 | . 28 2 . 11 . . . . . 36 25 12 12 17 1 Terrain Destroyed 736 | . 37 65 . 16 . 18 . . . 36 25 12 12 17 498 Melee 102 | . . . . . . . . . . 36 25 12 12 17 . Projectile 13 | . . 8 . 4 . . . . . . . . . . 1 AOE 621 | . 37 57 . 12 . 18 . . . . . . . . 497 Terrain Rammed . | . . . . . . . . . . . . . . . . Walls Destroyed . | . . . . . . . . . . . . . . . . Machines Disabled . | . . . . . . . . . . . . . . . . Actions | -11 -10 -10 -8 -6 -6 -6 -5 -4 -4 -3 -3 -2 -2 -2 -1 --------- Run | Yrd Mat Sub Scr Fac Was Fac Fac Fac Ext Res Qua Res Tes Sec Acc Total 12962 | 57 733 1014 669 2168 151 800 149 338 982 1274 1018 626 1099 1059 825 Wait 956 | 1 68 36 9 352 11 23 . 3 254 37 77 10 46 19 10 Move 10673 | 44 589 900 630 1517 123 697 148 310 585 1119 815 570 934 961 731 Hop 49 | . . . . . . 5 . 3 11 5 13 . 4 6 2 Pick Up 124 | 3 10 13 12 45 1 2 . 1 2 12 8 3 7 3 2 Fast Attach 188 | 7 1 2 . 24 1 10 1 6 6 18 19 12 35 17 29 Attach 53 | . . 4 3 20 1 1 . 1 2 4 5 1 2 1 8 Detach 12 | . . 1 . 2 . 2 . . 2 . 1 1 2 . 1 Swap 71 | . 8 8 2 35 3 . . . 2 4 2 5 . . 2 Drop 191 | . 2 12 13 48 2 5 . 2 5 19 21 11 37 11 3 Fire 270 | 2 54 38 . 123 9 4 . 12 3 . . . . . 25 Melee 203 | . . . . . . . . . 11 56 57 13 32 34 . Ram 28 | . . . . . . 21 . . . . . . . 5 2 Kick . | . . . . . . . . . . . . . . . . Crush 3 | . 1 . . 2 . . . . . . . . . . . Escape Stasis 102 | . . . . . . 30 . . 60 . . . . 2 10 Rewire 39 | . . . . . . . . . 39 . . . . . . Trap . | . . . . . . . . . . . . . . . . Miscellaneous . | . . . . . . . . . . . . . . . . Route ------- -11/Scrapyard -10/Materials (discovered 6 exits: *Mat x3 / *Min x2 / *Sub) -10/Subcaves (discovered 4 exits: *Mat x2 / [*Rec] / *Scr) -8/Scraptown -6/Factory (discovered 3 exits: Fac / *Low x2) -6/Waste -6/Factory -5/Factory -4/Factory -4/Extension -3/Research (discovered 3 exits: Arm / *Qua x2) -3/Quarantine -2/Research (discovered 2 exits: *Tes x2) -2/Testing (discovered 3 exits: *Acc / *Sec / *Frg) -2/Section 7 -1/Access History --------- Turn | Location | Event 4 | -11/Scrapyard | Discovered new exit (range 16) 89 | -11/Scrapyard | Entered Materials 90 | -10/Materials | Met a group of wandering Federalists 318 | -10/Materials | Build established: Mutant 320 | -10/Materials | Discovered new exit (range 15) 579 | -10/Materials | Discovered new exit (range 15) 664 | -10/Materials | Identified exit to Mines 670 | -10/Materials | Discovered new exit (range 15) 800 | -10/Materials | Repaired Lgt. Treads 944 | -10/Materials | Identified exit to Subcaves 978 | -10/Materials | Discovered new exit (range 11) 995 | -10/Materials | Learned location of 1 exit from Storage 1035 | -10/Materials | Learned Storage stockpile data 1065 | -10/Materials | Learned 2 Storage zone layouts 1096 | -10/Materials | Identified exit to Materials 1105 | -10/Materials | Learned Storage garrison access intel 1123 | -10/Materials | Learned 2 Mines zone layouts 1150 | -10/Materials | Learned 4 Recycling zone layouts 1269 | -10/Materials | Entered Subcaves 1270 | -10/Subcaves | Continued accompanying wandering Federalists (5) 1270 | -10/Subcaves | Approached by a straggling Scientist 1270 | -10/Subcaves | Identified exit to Materials 1394 | -10/Subcaves | Shifting Twisted Machinery released Slug Cannon 1445 | -10/Subcaves | Ambushed by Subdwellers from Twisted Machinery 1506 | -10/Subcaves | Ambushed by Subdweller buried in earth 1511 | -10/Subcaves | Core integrity fell below 50% 1622 | -10/Subcaves | Visited 4L-MR0's lab 1634 | -10/Subcaves | Learned location of Zion (-7) 1646 | -10/Subcaves | Found Rainbow Chip 1997 | -10/Subcaves | Build established: Scavenger-Mutant 2007 | -10/Subcaves | Discovered new exit (range 15) 2038 | -10/Subcaves | Shifting Twisted Machinery released Sub. Optics 2058 | -10/Subcaves | Shifting Twisted Machinery released Sub. Laser 2087 | -10/Subcaves | Shifting Twisted Machinery released Sub. Beam Cannon 2126 | -10/Subcaves | A swath of the cavern ceiling suddenly collapsed 2487 | -10/Subcaves | Shifting Twisted Machinery released Battle Cannon 2784 | -10/Subcaves | Shifting Twisted Machinery released Sub. Monowheel 2858 | -10/Subcaves | Entered Scraptown 2958 | -8/Scraptown | Scanned Subdweller tech in exchange for log data 2963 | -8/Scraptown | Learned location of 2 exits from Lower Caves 2964 | -8/Scraptown | Learned location of 2 exits from Factory 2966 | -8/Scraptown | Learned Factory emergency access door positions 2996 | -8/Scraptown | Discovered new exit (range 11) 3490 | -8/Scraptown | Visited Fellowship of the Rings 3521 | -8/Scraptown | Visited Symbiants 3564 | -8/Scraptown | Visited The Evicted 3567 | -8/Scraptown | Build established: Mutant 3611 | -8/Scraptown | Visited CPS Storage 3648 | -8/Scraptown | Visited Cave Peace 3700 | -8/Scraptown | Visited TADAMA 3728 | -8/Scraptown | Visited Assassins FH 3864 | -8/Scraptown | Entered Factory 3864 | -6/Factory | Evolved 8 slots: Propulsion x2, Utility x4, Weapon x2 3865 | -6/Factory | Identified exit to Lower Caves 3866 | -6/Factory | Identified exit to Factory 3930 | -6/Factory | Attached Rainbow Chip, gained temporary slots: Power, Propulsion, Utility, Weapon 4225 | -6/Factory | Build established: Hacker-Skirmisher 5286 | -6/Factory | Lost 7 parts (2n2u3w) 5308 | -6/Factory | Build established: Scavenger-Tank 5438 | -6/Factory | Lost 3 parts (1p2n) 5553 | -6/Factory | Lost 5 parts (1p2n2w) 5926 | -6/Factory | System corruption reached 10% 5931 | -6/Factory | Cargo convoy interrupted 5945 | -6/Factory | Central database locked down 6006 | -6/Factory | Build established: Scavenger-Skirmisher 6589 | -6/Factory | Repaired Mak. Light Armor Plating 6686 | -6/Factory | Build established: Hacker-Skirmisher 6832 | -6/Factory | Sucked down chute 6832 | -6/Factory | Entered Waste 6857 | -6/Waste | Spotted C-40 Crusher 6870 | -6/Waste | Spotted C-40 Crusher 6908 | -6/Waste | Spotted C-40 Crusher 6920 | -6/Waste | Spotted C-40 Crusher 6963 | -6/Waste | Spotted C-40 Crusher 6972 | -6/Waste | Crushed by Compactor (1 part destroyed, 1 dropped) 6973 | -6/Waste | Spotted C-40 Crusher 6981 | -6/Waste | Crushed by Compactor (1 part destroyed, 2 dropped) 6984 | -6/Waste | Crushed by Compactor (1 part destroyed, 1 dropped) 6984 | -6/Waste | Crushed by Compactor (1 part destroyed, 2 dropped) 6991 | -6/Waste | Discovered new exit (range 10) 6998 | -6/Waste | Identified exit to Factory 6999 | -6/Waste | Entered Factory 7015 | -6/Factory | Lost 7 parts (3n2u2w) 7042 | -6/Factory | Core integrity fell below 50% 7249 | -6/Factory | Fabricated Structural Scanner (x2) 7267 | -6/Factory | Core integrity fell below 20% 7289 | -6/Factory | Central database locked down 7338 | -6/Factory | Lost 3 parts (1p1n1u) 7340 | -6/Factory | Discovered exit to Factory (range 16) 7359 | -6/Factory | Fabricated Adv. Sensor Array? 7377 | -6/Factory | Spotted B-75 Beast 7409 | -6/Factory | Entered another Factory area 7409 | -5/Factory | Evolved 2 slots: Utility x2 7446 | -5/Factory | Discovered new exit (range 15) 7476 | -5/Factory | Spotted B-75 Beast 7485 | -5/Factory | Entered another Factory area 7485 | -4/Factory | Evolved 2 slots: Propulsion x2 7657 | -4/Factory | Discovered new exit (range 12) 7661 | -4/Factory | Entered Extension 7680 | -4/Extension | Rescued a captive Derelict 7681 | -4/Extension | Rescued a captive Derelict 7688 | -4/Extension | Rescued a captive Derelict 7690 | -4/Extension | Rescued a captive Derelict 7716 | -4/Extension | Build established: Mutant 7736 | -4/Extension | Rescued a captive Derelict 7737 | -4/Extension | Rescued a captive Derelict 7741 | -4/Extension | Rescued a captive Derelict 7753 | -4/Extension | Rescued a captive Derelict 7833 | -4/Extension | Rescued a captive Derelict 7846 | -4/Extension | Rescued a captive Derelict 7852 | -4/Extension | Rescued a captive Derelict 7853 | -4/Extension | Rescued A7 7914 | -4/Extension | Lost 8 allies 8377 | -4/Extension | Spotted B-86 Titan 8405 | -4/Extension | Allies destroyed B-86 Titan 8408 | -4/Extension | Spotted B-86 Titan 8426 | -4/Extension | Extracted ID and sensor layout for unrecognized location from A7's data core 8430 | -4/Extension | Discovered new exit (range 3) 8430 | -4/Extension | Entered Research 8430 | -3/Research | Evolved 2 slots: Utility x2 8454 | -3/Research | Lost 3 allies 8657 | -3/Research | Spotted B-90 Cyclops 8781 | -3/Research | Repaired Field Propulsion Array+ 8869 | -3/Research | Spotted B-86 Titan 8975 | -3/Research | Identified exit to Armory 8975 | -3/Research | Identified exit to Quarantine 9036 | -3/Research | Entered Quarantine 9106 | -3/Quarantine | Build established: Hacker-Sprinter 9186 | -3/Quarantine | Repaired Exp. Cooling System 9195 | -3/Quarantine | Discovered new exit (range 9) 9213 | -3/Quarantine | Identified exit to Research 9216 | -3/Quarantine | Spotted Alpha 7 9223 | -3/Quarantine | Found Alien Launcher 9232 | -3/Quarantine | Found Alien Artifact 9232 | -3/Quarantine | Identified Core Reset Matrix 9232 | -3/Quarantine | Identified Sigix Terminator 9232 | -3/Quarantine | Used Core Reset Matrix 9236 | -3/Quarantine | Detected hypermatrix surge 9236 | -3/Quarantine | Sensed 11 artifacts in vicinity 9244 | -3/Quarantine | Discovered exit to Research (range 6) 9253 | -3/Quarantine | Found Subatomic Replicator 9259 | -3/Quarantine | Used Subatomic Replicator to replicate Field Propulsion Array 9340 | -3/Quarantine | Cryocooling Duct disabled 9344 | -3/Quarantine | Cryocooling Duct disabled 9355 | -3/Quarantine | Ambient heat levels rising (+20) 9355 | -3/Quarantine | Non-combat units ordered to evacuate 9359 | -3/Quarantine | Ambient heat levels rising (+20) 9359 | -3/Quarantine | Combat units ordered to evacuate 9415 | -3/Quarantine | System corruption reached 10% 9459 | -3/Quarantine | Quarantine Guard activated 9481 | -3/Quarantine | Lost 4 parts (3n1u) 9522 | -3/Quarantine | Spotted Quarantine Guard 9563 | -3/Quarantine | Spotted Quarantine Guard 9596 | -3/Quarantine | Spotted Quarantine Guard 9641 | -3/Quarantine | Entered Research 9641 | -2/Research | Evolved 2 slots: Power x1, Utility x1 9656 | -2/Research | Identified exit to Testing 9718 | -2/Research | Build established: Hacker-Mutant 9719 | -2/Research | Found Prototype Processor 9719 | -2/Research | Identified Exp. Core Analyzer 9824 | -2/Research | Spotted B-90 Cyclops 9959 | -2/Research | Entered Testing 9963 | -2/Testing | Found Prototype Launcher 9965 | -2/Testing | Identified Ragnarok Missile Launcher 9970 | -2/Testing | Identified exit to Access 10134 | -2/Testing | Found Prototype Hackware 10134 | -2/Testing | Identified System Mapper 10225 | -2/Testing | Found Prototype Processor 10225 | -2/Testing | Identified Spectral Analyzer 10327 | -2/Testing | Unchained authorized (6S-H0T) 10349 | -2/Testing | Repaired Broken Mic. Antimatter Reactor+ 10434 | -2/Testing | Found Portable AFG 10481 | -2/Testing | Lost 4 parts (1p1n2u) 10486 | -2/Testing | Spotted Fortress 10512 | -2/Testing | Discovered new exit (range 5) 10512 | -2/Testing | Discovered new exit (range 6) 10513 | -2/Testing | Identified exit to Section 7 10514 | -2/Testing | Identified exit to Protoforge 10516 | -2/Testing | Entered Section 7 10517 | -2/Section 7 | Detected hypermatrix surge 10517 | -2/Section 7 | Sensed 21 artifacts in vicinity 10528 | -2/Section 7 | Found Integrity Redistributor 10528 | -2/Section 7 | Used Integrity Redistributor, redistributed integrity from core (-129) 10558 | -2/Section 7 | Spotted B-90 Cyclops 10605 | -2/Section 7 | Spotted S7 Guard 10617 | -2/Section 7 | Found Exp. Core Analyzer 10728 | -2/Section 7 | Spotted Alpha 7 10728 | -2/Section 7 | Spotted Alpha 7 10749 | -2/Section 7 | Spotted B-99 Colossus 10794 | -2/Section 7 | Found LRC Armor 10794 | -2/Section 7 | Installed LRC Armor, increased core integrity (+250) 10797 | -2/Section 7 | Found LRC Inertial Stabilizer 10797 | -2/Section 7 | Installed LRC Inertial Stabilizer, increased mass support (+10) 10872 | -2/Section 7 | Spotted Striker 10872 | -2/Section 7 | Spotted Striker 10911 | -2/Section 7 | Found Sigix Sheargun 10915 | -2/Section 7 | Spotted Striker 10915 | -2/Section 7 | Spotted Striker 10919 | -2/Section 7 | Found Sigix Sheargun 10920 | -2/Section 7 | Found Sigix Sheargun 10941 | -2/Section 7 | Build established: Hacker-Gladiator 10962 | -2/Section 7 | Found Terrabomb 10969 | -2/Section 7 | Spotted Executioner 10969 | -2/Section 7 | Spotted Executioner 11010 | -2/Section 7 | System corruption reached 10% 11021 | -2/Section 7 | Scanned by Researcher 11022 | -2/Section 7 | Intercept squad dispatched 11022 | -2/Section 7 | Spotted Tracker 11026 | -2/Section 7 | Spotted Tracker 11027 | -2/Section 7 | Spotted Combat Programmer 11028 | -2/Section 7 | Core integrity fell below 50% 11032 | -2/Section 7 | Core integrity fell below 20% 11035 | -2/Section 7 | Entered Access 11035 | -1/Access | Evolved 2 slots: Propulsion x1, Utility x1 11064 | -1/Access | Lost 19 parts (2p5n10u2w) 11097 | -1/Access | Found Unknown Device 11097 | -1/Access | Identified Quantum Capacitor 11244 | -1/Access | Spotted B-99 Colossus 11303 | -1/Access | Found Quantum Capacitor 11386 | -1/Access | Lost 15 parts (4p8n1u2w) 11410 | -1/Access | Intercept squad dispatched 11415 | -1/Access | Spotted Tracker 11416 | -1/Access | Spotted Tracker 11416 | -1/Access | Fired Sigix Terminator 11416 | -1/Access | Destroyed Tracker 11416 | -1/Access | Destroyed Tracker 11417 | -1/Access | Emitted hypermatrix ping 11417 | -1/Access | Core integrity fell below 50% 11422 | -1/Access | Assembled emerged from beneath the floor 11437 | -1/Access | Destroyed 9 combat bots 11451 | -1/Access | Core integrity fell below 20% 11465 | -1/Access | Lost 13 parts (2p7n3u1w) 11471 | -1/Access | Used Terrabomb 11472 | -1/Access | Destroyed by S-43 Plague with Heavy Machine Gun Last Messages --------------- 11431_ System Shield destroyed. 11434_ Penetrated by Slug. 11434_ Xenon Bombardment Thruster destroyed. 11437_ Connecting with Terminal... 11437_ ALERT: Suspicious activity at Terminal A010. Dispatching Investigation squad. 11441_ Slug penetrates Wall. 11441_ Slug penetrates as-88733. 11441_ Slug penetrates as-10546. 11441_ Slug penetrates as-87879. 11444_ Acquired 12 matter. 11450_ Penetrated by Slug. 11450_ Slug penetrates Wall. 11451_ Acquired 7 matter. 11465_ Slammed into K-01 Serf. 11467_ Adv. Signal Interpreter destroyed. 11471_ Slug penetrates R-10 Processor. 11471_ Terrabomb activated. 11471_ U-05 Engineer builds a Wall. 11472_ K-01 Serf cleans the Fabricator. Map ----- +----------------------------------------------------+ | ?????????????????????????????????????????????????? | | ?????????????????????????????????????????????????? | | ?????????????????????????????????????????????????? | | ?????????????????????????????????????????????????? | | ?????????????????????????????????????????????????? | | ?????????????????????????????????????????????????? | | ?????????????????????????????????????????????????? | | ?????????????????????????????????????????????????? | | ?????????????????????????????????????????????????? | | ?????????????????????????????????????????????????? | | ??????????????????????? + ?????????????????????? | | ??????????????????????"k ; ???????????????????? | | ??????????????????"" "" ; ?????????????????? | | ???????????????? ; ?????????????????? | | ??????????????A g ; ???????????????? | | ????????????? ; ????????????????? | | ???????????? h ;;;;"""????????????????? | | ???????????? ;;;;""?????????????????? | | ???????????" ; ??????????????????? | | ???????????" u; ?? ???????????????? | | ??????????"" ; ? ????????????????? | | ?????????? k ; ? ???????????????? | | ?????????? ; ?"" ""???????????????? | | ????????? ;? ""R""?????????????#?? | | ????????? k + """" ?????? #?? | | ???????? @;;;;;;;;;;;;;;;??###/### | | ???????? R ; ;?? | | ???????? u ;;;;;;;;;;;;;;;? | | ??????????#;;;;+;;; #? ! | | ?????????? ; s ss # ! | | ?????????" ; Ass k # | | ?????????" ; s + | | ?????????? ; # | | ?????????? ; # | | ?????????? "; #? | | ??????????? "";;;;;;;;;;;;;;; #? | | ??????????? ""; ; #?? | | ???????????? ?""; ; #?? ! | | ???????????? ??""; ; #???###### | | ?????????????????"" " #?? | | ?????????????????"" ?# #?? | | ??????????????????? ????# #? | | ?????????????????????"""""####### #? ! | | ??????????????????????? # # | | ???????????????????#??? # # | | ???????????????????# ??? !!] # + | | ???????????????????# " !! # # = | | ?????????########### """ !] # # | | ?????????# # """ # #? | | ?????????# # " # #? | +----------------------------------------------------+ Best States ------------- Heat Dissipation 87 Energy Generation 42 Energy Capacity 400 Matter Stores 300 Matter Capacity 300 Sight Range 16 Robot Scan Range 16 Terrain Scan Density 10 ECM Strength 2 Jamming Range 16 Additional Mass Support 16 Base Temperature (-) 150 Corruption Containment 16 Armor Coverage 600 Core Shielding 30 Weapon Cycling 15 Evasion (%) 74 Melee Accuracy 16 Core Analysis 8 Recoil Reduction 5 Salvage Targeting 3 Offensive Hacking 46 Defensive Hacking 12 Item Schematics ----------------- Adv. Force Booster | -2/Research | Hacked Ragnarok Missile Launcher | -2/Testing | Scanalyzed Exp. Power Amplifier | -2/Section 7 | Archive Gui. Micro-nuke Launcher | -2/Section 7 | Archive Enh. Biometal Leg | -2/Section 7 | Archive Exp. Cooling System | -2/Section 7 | Scanalyzed Enh. Coil Gun | -2/Section 7 | Archive Robot Schematics ------------------ H-88 Terminator | -2/Section 7 | Archive B-74 Champion | -2/Section 7 | Archive S-43 Plague | -2/Section 7 | Archive Fabricated ------------ Structural Scanner | x2 | -6/Factory Adv. Sensor Array | x2 | -6/Factory Repaired ---------- Lgt. Treads | 30% | -10/Materials Mak. Light Armor Plating | 47% | -6/Factory Field Propulsion Array | 14% | -3/Research Exp. Cooling System | 12% | -3/Quarantine Mic. Antimatter Reactor | 99% | -2/Testing | Broken Studied --------- Field Propulsion Array | -2/Research | Hacked Mic. Antimatter Reactor | -2/Research | Hacked Imp. Antigrav System | -2/Research | Hacked Linear Gravjet | -2/Research | Hacked Quantum Reactor | -2/Research | Hacked Alien Tech Used ----------------- Core Reset Matrix Subatomic Replicator Integrity Redistributor LRC Armor LRC Inertial Stabilizer Sigix Sheargun Sigix Terminator Terrabomb Achievements -------------- Hard Hitter Strength In Numbers Challenges ------------ None Game ------ Seed DisintegrationFrostWall Manual? 0 Play Time 02:40:28 Cumulative 226.5 hours Start 2025.12.07 @ 15:18:33 End 2025.12.07 @ 20:27:16 Sessions 1 Manual Loads 0 Difficulty Rogue Special Mode None Game No. 153 Rogue 153 Adventurer 0 Explorer 0 Win Type - Total 7 Types 5/0/1/1/0/0/0/0/0/0 Lore% 85 Gallery% 77 Achievement% 60 Wizard Run 0 Options --------- Layout 1 ASCII 0 Keyboard 0 Movement Mouse Keybinds 0 Fullscreen 2 Font 24/Smallcaps Map View 50x35 Zoom Use 0% Tactical HUD 1 Map Filters NONE Filters NONE Steam 1 RUN: 739fd018-d331-4e13-81eb-7ec42643ecff